 Dungeon Crawl Stone Soup version 0.21-a0-516-gaaff437 (webtiles) character file.

882 theanonym the Cleaver (level 7, -2/52 HPs)
             Began as a Demonspawn Fighter on Dec 3, 2017.
             Slain by Prince Ribbit (8 damage)
             ... on level 5 of the Dungeon.
             The game lasted 00:06:51 (4852 turns).

theanonym the Cleaver (Demonspawn Fighter)          Turns: 4852, Time: 00:06:52

Health: -2/52      AC:  6    Str: 18    XL:     7   Next: 76%
Magic:  7/7        EV: 14    Int: 10    God:
Gold:   324        SH: 13    Dex: 17    Spells: 6/6 levels left

rFire    . . .     SeeInvis .   a - +1 war axe
rCold    . . .     Gourm    .   c - +0 shield
rNeg     . . .     Faith    .   b - +0 scale mail
rPois    +         Spirit   .   (no helmet)
rElec    .         Reflect  +   (no cloak)
rCorr    .         Harm     .   (no gloves)
MR       .....                  (no boots)
Stlth    +++.......             n - +4 amulet of reflection
HPRegen  0.17/turn              j - ring of poison resistance {rPois}
MPRegen  0.10/turn              (no ring)

@: agile
A: claws 1, repulsion field 1, nightstalker 2
a: no special abilities


Innate Abilities, Weirdness & Mutations

You have sharp fingernails.
You are surrounded by a mild repulsion field. (EV +2)
You are significantly more attuned to the shadows.


   Skills:
 - Level 3.0 Fighting
 + Level 8.3 Axes
 - Level 2.6 Armour
 - Level 2.6 Shields


You had 6 spell levels left.
You didn't know any spells.

Skill      XL: |  1  2  3  4  5  6  7 |
---------------+----------------------+-----
Axes           | 2 3 4 5 7 8 |  8.3
Fighting       | |  3.0
Armour         | |  2.6
Shields        | |  2.6

Action                   |  1- 3 |  4- 6 |  7- 9 || total
-------------------------+-------+-------+-------++-------
Melee: War axe           |   133 |   204 |    70 ||   407
  Use: Potion            |     1 |       |     6 ||     7
       Scroll            |     2 |     4 |     2 ||     8
 Stab: Sleeping          |       |     2 |     1 ||     3
  Eat: Chunk             |     1 |     8 |       ||     9
       Bread ration      |       |       |     1 ||     1
       Royal jelly       |       |       |     1 ||     1
Armor: Scale mail        |    66 |    81 |    13 ||   160
       Skin              |       |       |     7 ||     7
Dodge: Dodged            |    36 |    61 |    14 ||   111
Block: Shield            |    76 |   128 |    36 ||   240
       Reflection        |       |       |     1 ||     1

Inventory:

Hand Weapons
 a - a +1 war axe (weapon)
 p - a +0 flail of protection
   (You took it off Edmund on level 5 of the Dungeon)
Armour
 b - a +0 scale mail (worn)
 c - a +0 shield (worn)
Jewellery
 h - an uncursed amulet of faith {Faith, !P}
   (You found it on level 2 of the Dungeon)
 j - a ring of poison resistance (left claw) {rPois}
   (You found it on level 3 of the Dungeon)
 n - a +4 amulet of reflection (around neck)
   (You found it on level 3 of the Dungeon)
Scrolls
 f - a scroll of fog {!r}
 m - 2 scrolls of remove curse
Potions
 l - a potion of agility
Books
 k - a book of Necromancy
   (You found it on level 5 of the Dungeon)

   Spells                             Type                      Level
   a - Pain                           Necromancy                   1
   b - Animate Skeleton               Necromancy                   1
   c - Vampiric Draining              Necromancy                   3
   d - Regeneration                   Charms/Necromancy            3
   e - Animate Dead                   Necromancy                   4
   f - Control Undead                 Necromancy                   4
Comestibles
 e - a royal jelly
 i - 2 bread rations
 q - a meat ration

Dungeon Overview and Level Annotations

Branches:
Dungeon (5/15)             Temple (1/1) D:5

Altars:
Elyvilon
Fedhas
Kikubaaqudgha
Makhleb
Okawaru
Qazlal
Sif Muna
Trog
Uskayaw
Vehumet
Yredelemnul
Zin
The Shining One

Annotations:
D:5 Prince Ribbit


You were on level 5 of the Dungeon.
You were not hungry.

You visited 2 branches of the dungeon, and saw 6 of its levels.

You collected 324 gold pieces.


Message History

You block the orc's attack. You block the orc priest's attack.
Something hits you but does no damage. You block the orc priest's attack.
You block the orc's attack.
You take 2 damage, and have 47/52 hp.
You slash the orc!
You kill the orc!
Your shield and scale mail prevent you from hitting the orc priest.
You hit something.
Prince Ribbit blinks!
Prince Ribbit lets out a mournful croak.
You slash the orc priest!
You kill the orc priest!
You hit something but do no damage. You slash the orc!
You kill the orc!
The orc barely misses you.
You barely miss Prince Ribbit. You barely miss something.
You hit the orc but do no damage.
Prince Ribbit blinks!
Something hits you but does no damage. You block the orc's attack.
You closely miss the orc. You hit something but do no damage.
You hear some strange, mumbled words.
A puff of flame appears from out of thin air!
The puff of flame hits you! The orc hits you with a hand axe.
You take 5 damage, and have 42/52 hp.
You hit the orc. You miss something. Something hits you but does no damage.
You block the orc's attack. Something hits you but does no damage.
You hit the orc.
Your shield and scale mail prevent you from hitting something.
You block something's attack. The orc barely misses you.
You slash the orc!
You kill the orc!
Your shield and scale mail prevent you from hitting Prince Ribbit.
You closely miss something. Prince Ribbit hits you!
Something hits you but does no damage. You block Prince Ribbit's attack.
You take 15 damage, and have 27/52 hp.
MASSIVE DAMAGE!!
Your shield and scale mail prevent you from hitting Prince Ribbit.
You hit something but do no damage. You block Prince Ribbit's attack.
Something hits you but does no damage.
Your shield and scale mail prevent you from hitting Prince Ribbit.
You miss something. Prince Ribbit completely misses you. Something hits you.
* * * LOW HITPOINT WARNING * * *
Prince Ribbit hits you.
* * * LOW HITPOINT WARNING * * *
You take 7 damage, and have 20/52 hp.
You are too injured to fight recklessly!
You are too injured to fight recklessly!
You are too injured to fight recklessly!
As you read the scroll labeled KEOTEV ICHOZXOE, it crumbles to dust.
The scroll dissolves into smoke.
It was a scroll of fog.
f - a scroll of fog;
k - a book of Necromancy Prince Ribbit hits you!
* * * LOW HITPOINT WARNING * * *
Something hits you but does no damage. Prince Ribbit hits you.
* * * LOW HITPOINT WARNING * * *
You take 17 damage, and have 3/52 hp.
MASSIVE DAMAGE!!
As you read the scroll labeled JIEKKE KOODWIO, it crumbles to dust.
It is a scroll of amnesia.
You feel forgetful for a moment. Something hits you.
* * * LOW HITPOINT WARNING * * *
Prince Ribbit croaks regally.
Prince Ribbit barely misses you.
You take 2 damage, and have 1/52 hp.
Okay, then.
Prince Ribbit lets out a mournful croak.
You block Prince Ribbit's attack.
Prince Ribbit blinks!
It was a potion of agility.
You feel agile all of a sudden.
It was a potion of heal wounds.
You feel much better. Prince Ribbit hits you!
* * * LOW HITPOINT WARNING * * *
Prince Ribbit hits you.
* * * LOW HITPOINT WARNING * * *
You regained 2 hp, and now have 4/52 hp.
It was a potion of curing.
You feel better. You block Prince Ribbit's attack.
You regained 10 hp, and now have 14/52 hp.
You closely miss Prince Ribbit.
Prince Ribbit blinks! x2
Okay, then.
Okay, then.
The orc wizard points at you and mumbles some strange words.
You are confused.
You bump into the rock wall.
You bump into the rock wall.
The orc wizard gestures at you while chanting.
You are more confused.
You bump into the rock wall.
The orc wizard completely misses you.
The orc wizard mumbles some strange words.
The orc wizard flickers and vanishes!
You slash something!
Reactivating autopickup.
You feel a bit more experienced. Prince Ribbit hits you!
* * * LOW HITPOINT WARNING * * *
You take 12 damage, and have 5/52 hp.
MASSIVE DAMAGE!!
You bump into the rock wall.
Prince Ribbit blinks!
Okay, then.
Unknown command.
Prince Ribbit blinks!
Prince Ribbit closely misses you.
You bump into the rock wall.
You feel less confused. Prince Ribbit barely misses you.
Prince Ribbit lets out a mournful croak.
Prince Ribbit hits you!
You die...

%..§§§§####....#.##
###§§## ##.....#
#§§# ###..## #§§##
##..## #.. #....#
... #..##.# ## #..#
##)## ## .## #..#
... #@## ... ##F# #
#..# # #. ##.## #
#..# ####..## ##
#..####......# .#
#........#...#
..####.....######..#
...#.......# #..#


You could see Prince Ribbit.

Notes
Turn   | Place    | Note
-------+----------+-------------------------------------------
     0 | D:1      | theanonym the Demonspawn Fighter began the quest for the Orb.
     0 | D:1      | Reached XP level 1. HP: 18/18 MP: 1/1
    12 | D:1      | Reached skill level 2 in Axes
    22 | D:1      | HP: 9/18 [jackal (1)]
    30 | D:1      | Gained mutation: You are slightly more attuned to the shadows. [demonic ancestry]
    30 | D:1      | Reached XP level 2. HP: 13/24 MP: 2/2
    31 | D:1      | HP: 11/24 [jackal (2)]
    37 | D:1      | HP: 10/24 [goblin/club (1)]
   396 | D:1      | Reached skill level 3 in Axes
   490 | D:1      | Reached XP level 3. HP: 28/29 MP: 3/3
   967 | D:2      | HP: 14/29 [poisoned by an adder]
  1239 | D:2      | Reached skill level 4 in Axes
  1239 | D:2      | Reached XP level 4. HP: 31/35 MP: 4/4
  1300 | D:2      | HP: 17/35 [adder (1)]
  1305 | D:2      | HP: 14/35 [poisoned by an adder]
  1310 | D:2      | HP: 13/35 [poisoned by an adder]
  1317 | D:2      | HP: 12/35 [poisoned by an adder]
  1325 | D:2      | HP: 10/35 [poisoned by an adder]
  1854 | D:2      | Noticed Jessica
  1856 | D:2      | Killed Jessica
  1861 | D:2      | Gained mutation: You are surrounded by a mild repulsion field. (EV +2) [demonic ancestry]
  1861 | D:2      | Reached XP level 5. HP: 41/41 MP: 5/5
  2118 | D:3      | Reached skill level 5 in Axes
  3012 | D:4      | Gained mutation: You are significantly more attuned to the shadows. [demonic ancestry]
  3012 | D:4      | Reached XP level 6. HP: 41/47 MP: 6/6
  3118 | D:4      | Found a basalt altar of Yredelemnul.
  3221 | D:4      | Reached skill level 6 in Axes
  3424 | D:4      | Found a bloodstained altar of Trog.
  3563 | D:4      | Found a white marble altar of Elyvilon.
  3604 | D:5      | Entered Level 5 of the Dungeon
  3719 | D:5      | Found a deep blue altar of Sif Muna.
  3727 | D:5      | Noticed Eustachio
  3737 | D:5      | Killed Eustachio
  3737 | D:5      | Reached skill level 7 in Axes
  3737 | D:5      | Gained mutation: You have sharp fingernails. [demonic ancestry]
  3737 | D:5      | Reached XP level 7. HP: 44/52 MP: 7/7
  3795 | D:5      | Found a staircase to the Ecumenical Temple.
  3802 | Temple   | Entered the Ecumenical Temple
  4237 | D:5      | Noticed Edmund
  4250 | D:5      | HP: 22/52 [Edmund/flail of protection (8)]
  4256 | D:5      | HP: 14/52 [Edmund/flail of protection (3)]
  4263 | D:5      | HP: 13/78 [Edmund/flail of protection (2)]
  4266 | D:5      | Killed Edmund
  4582 | D:5      | Noticed Blork the orc
  4590 | D:5      | HP: 26/52 [Blork the orc/flail (4)]
  4595 | D:5      | Killed Blork the orc
  4595 | D:5      | Reached skill level 8 in Axes
  4808 | D:5      | Noticed Prince Ribbit
  4818 | D:5      | HP: 26/52 [something (2)]
  4819 | D:5      | HP: 4/52 [Prince Ribbit (16)]
  4820 | D:5      | HP: 1/52 [something (2)]
  4826 | D:5      | HP: 10/52 [Prince Ribbit (13)]
  4826 | D:5      | HP: 4/52 [Prince Ribbit (6)]
  4845 | D:5      | HP: 5/52 [Prince Ribbit (12)]
  4852 | D:5      | Slain by Prince Ribbit

Vanquished Creatures
  Eustachio (D:5)
  Edmund (D:5)
  An ogre (D:5)
  Blork the orc (D:5)
  A crimson imp (D:5)
  A bullfrog zombie (D:5)
  An orc priest (D:5)
  Jessica (D:2)
  2 orc wizards (D:5)
  3 worker ants (D:4)
  11 adders
  An ooze (D:4)
  2 worms (D:2)
  A dart slug (D:2)
  4 leopard geckos
  12 orcs
  6 giant cockroaches
  9 goblins
  7 hobgoblins
  11 jackals
  9 kobolds
  6 quokkas
  2 ball pythons
  14 bats
  7 frilled lizards
  2 leopard gecko skeletons
  8 rats
125 creatures vanquished.
